 Dungeon Crawl Stone Soup version 0.29-a0-653-gd47aff6735 (webtiles) character file.

Game seed: 1660582580829111237

53 lmSkywalker the Poker (level 3, 0/29 HPs)
             Began as a Demonspawn Abyssal Knight on June 21, 2022.
             Was a Believer of Lugonu.
             Succumbed to their own poison gas
             ... on level 2 of the Dungeon.
             The game lasted 00:04:23 (1204 turns).

lmSkywalker the Poker (Demonspawn Abyssal Knight)   Turns: 1204, Time: 00:04:24

Health: 0/29       AC:  3    Str: 15    XL:     3   Next: 64%
Magic:  4/4        EV: 11    Int: 11    God:    Lugonu [**....]
Gold:   62         SH:  0    Dex: 13    Spells: 2/2 levels left

rFire   . . .      SeeInvis .   a - +1 spear
rCold   . . .      Faith    .   (no shield)
rNeg    . . .      Spirit   .   b - +0 leather armour
rPois   .          Reflect  .   (helmet restricted)
rElec   .          Harm     .   (no cloak)
rCorr   .          Rampage  .   (no gloves)
Will    .....                   (no boots)
Stlth   +.........              (no amulet)
HPRegen 0.09/turn               (no ring)
MPRegen 0.09/turn               (no ring)

@: lethally poisoned (0 -> -15)
A: horns 1
a: Renounce Religion, Depart the Abyss, Bend Space


You were on level 2 of the Dungeon.
You worshipped Lugonu.
Lugonu was pleased with you.
You visited 1 branch of the dungeon, and saw 2 of its levels.
You visited the Abyss 1 time.

You collected 62 gold pieces.

Inventory:

Hand Weapons
 a - a +1 spear (weapon)
 e - a +1 vampiric dagger
Armour
 b - a +0 leather armour (worn)
Scrolls
 c - 2 scrolls of identify
 d - 2 scrolls of poison


   Skills:
 - Level 3.0 Fighting
 + Level 3.7 Polearms
 - Level 1.7 Armour
 - Level 0.8 Dodging
 - Level 2.4 Invocations


You had 2 spell levels left.
You didn't know any spells.
Your spell library contained the following spells:

 Spells                   Type           Power      Damage    Failure   Level
 Ignite Poison            Fire/Tmut/Pois 0%         N/A       78%         3
 Mephitic Cloud           Conj/Pois/Air  0%         N/A       78%         3
 Freezing Cloud           Conj/Ice/Air   0%         6-21      100%        5


Dungeon Overview and Level Annotations

Branches:
Dungeon (2/15)

Altars:


Innate Abilities, Weirdness & Mutations

You have a pair of small horns on your head.


Message History

HP restored.
You see here a hobgoblin corpse.
You see here a ball python corpse.
You now have 62 gold pieces (gained 7).
You open the door.
There is an open door here.
Found an escape hatch in the ceiling.
A gnoll comes into view.
It is wielding a +0 spear and carrying a wand of flame (14).
Found 8 stones.
The gnoll zaps a wand.
The puff of flame hits you.
The gnoll zaps a wand.
The puff of flame hits you.
A gnoll comes into view. It is wielding a +0 spear.
The gnoll shouts!
You hear a shout!
The gnoll hits you with a +0 spear.
A gnoll comes into view. It is wielding a +0 spear.
You hit the gnoll but do no damage. Your headbutt misses the gnoll.
The gnoll zaps a wand.
The puff of flame hits you.
You hit the gnoll but do no damage. You hit the gnoll.
The gnoll is lightly wounded.
The gnoll hits you with a +0 spear.
A gnoll comes into view. It is wielding a +0 club.
The gnoll shouts!
You hit the gnoll. You headbutt the gnoll!
You kill the gnoll!
Lugonu accepts your kill.
As you read the scroll labelled PUUMUS YGITT, it crumbles to dust.
It is a scroll of identify.
d - 3 scrolls of poison The gnoll barely misses you.
Really read the scroll of poison?
The air fills with toxic fumes!
As you read the scroll of poison, it crumbles to dust.
The gnoll hits you from afar with a +0 spear!
* * * LOW HITPOINT WARNING * * *
Really walk into that cloud of poison gas?
You are engulfed in poison gas.
You are lethally poisoned!
* * * LOW HITPOINT WARNING * * *
You die...

#############
#.§§§§§§@.§§#
#.#########g# #.# #.# #.#
#g# #.# ..g #.# .<... ##
#.# #......
.########.#######......(
.'.......................


You could see a gnoll.

Vanquished Creatures
  An adder (D:2)
  A gnoll (D:2)
  A worm (D:2)
  A dart slug (D:1)
  2 endoplasms
  A giant cockroach (D:2)
  4 hobgoblins
  3 kobolds
  2 quokkas (D:1)
  4 ball pythons
  2 bats (D:1)
  A frilled lizard (D:2)
  5 goblins
  A rat (D:1)
29 creatures vanquished.

Notes
Turn   | Place    | Note
-------+----------+-------------------------------------------
     0 | Abyss:1  | lmSkywalker the Demonspawn Abyssal Knight began the quest
                  | for the Orb.
     0 | Abyss:1  | Reached XP level 1. HP: 18/18 MP: 2/2
    35 | Abyss:1  | Noticed a spriggan defender zombie
    38 | D:1      | Escaped the Abyss
   159 | D:1      | Reached ** piety under Lugonu
   390 | D:1      | Gained mutation: You have a pair of small horns on your
                  | head. [demonic ancestry]
   390 | D:1      | Reached XP level 2. HP: 24/24 MP: 3/3
  1112 | D:2      | Reached XP level 3. HP: 29/29 MP: 4/4
  1204 | D:2      | Succumbed to their own poison gas

Illustrated notes

Levels and vault maps discovered:
D:1:      kennysheep_arrival_forest, layout_loops_ring, serial_forest,
          infiniplex_forest_lined_corner, infiniplex_forest_lined_2,
          infiniplex_forest_end_1, infiniplex_forest_corner_1,
          infiniplex_forest_clump_small, infiniplex_forest_clump_long
D:2:      layout_basic, shapermc_ecumenical_altar_mp_vishouse

Skill      XL: |  1  2 |
---------------+-------+-----
Polearms       | 2 3 |  3.7
Fighting       | |  3.0
Armour         | |  1.7
Dodging        | |  0.8
Invocations    | |  2.4

Action                   || total
-------------------------++-------
Melee: Spear             ||    92
       Punch             ||     1
       Headbutt          ||     6
Invok: Depart the Abyss  ||     1
  Use: Scroll            ||     2
Armor: Leather armour    ||    18
Dodge: Dodged            ||    28

Table legend: (Time is in decaauts)
 A = Elapsed time spent in this place.
 B = Non-inter-level travel time spent in this place.
 C = Inter-level travel time spent in this place.
 D = Time resting spent in this place.
 E = Time spent auto-exploring this place.
 F = Levels seen in this place.
 G = Mean time per level.
                   A        B        C        D        E       F      G
               +--------+--------+--------+--------+--------+-----+--------+
         Total |   1200 |   1185 |     15 |     43 |    791 |   3 |  400.0 |
       Dungeon |   1162 |   1147 |     15 |     43 |    791 |   2 |  581.0 |
         Abyss |     38 |     38 |      0 |      0 |      0 |   1 |   38.0 |
               +--------+--------+--------+--------+--------+-----+--------+

Top non-repeatable levels by time:
     D:1: 957 daAuts
     D:2: 204 daAuts
 Abyss:1: 38 daAuts
